 Dungeon Crawl Stone Soup version 0.19.5 (webtiles) character file.

499 Zhenya24pyc the Cudgeler (level 7, -12/41 HPs)
             Began as a Gargoyle Fighter on Apr 12, 2017.
             Mangled by an ogre
             ... wielding a +0 giant club
              (17 damage)
             ... on level 3 of the Dungeon.
             The game lasted 00:06:04 (2529 turns).

Zhenya24pyc the Cudgeler (Gargoyle Fighter)         Turns: 2529, Time: 00:06:04

Health: -12/41     AC: 12    Str: 25    XL:     7   Next: 16%
Magic:  7/7        EV:  7    Int:  9    God:
Gold:   101        SH:  9    Dex: 10    Spells: 0 memorised, 6 levels left

rFire  . . .     SeeInvis .     a - +0 flail
rCold  . . .     Gourm    .     b - +0 scale mail
rNeg   + . .     Faith    .     c - +0 shield
rPois  ∞         Spirit   .     q - +0 helmet
rElec  +         Reflect  .     (no cloak)
rCorr  .         Harm     .     (no gloves)
MR     .....                    (no boots)
Stlth  ..........               (no amulet)
                                (no ring)
                                l - +5 ring of strength

@: no status effects
A: negative energy resistance 1, electricity resistance, unbreathing,
petrification resistance, rot immunity, AC +4
a: no special abilities


You were on level 3 of the Dungeon.
You were not hungry.

You visited 1 branch of the dungeon, and saw 4 of its levels.

You collected 101 gold pieces.

Inventory:

Hand Weapons
 a - a +0 flail (weapon)
Armour
 b - a +0 scale mail (worn)
 c - a +0 shield (worn)
 q - a +0 helmet (worn)
Jewellery
 l - a +5 ring of strength (left hand)
 t - a +1 ring of protection {unknown}
Scrolls
 g - 3 scrolls of remove curse {unknown}
 j - a scroll of fog {unknown}
 k - 2 scrolls of identify {unknown}
 s - a scroll of immolation {unknown}
 v - a scroll of enchant weapon {unknown}
 x - a scroll of blinking {unknown}
Potions
 d - a potion of might
 e - a potion of magic {unknown}
 i - a potion of mutation {unknown}
 m - 2 potions of cancellation {unknown}
 n - a potion of heal wounds {unknown}
 p - a potion of resistance {unknown}
 r - a potion of agility {unknown}
 u - a potion of degeneration {unknown}
Comestibles
 f - 3 bread rations
 h - 3 fruits
 o - a beef jerky
 w - a royal jelly
 z - a meat ration


   Skills:
 - Level 3.3 Fighting
 * Level 7.5 Maces & Flails
 - Level 3.3 Armour
 - Level 3.4 Shields


You had 6 spell levels left.
You didn't know any spells.

Dungeon Overview and Level Annotations

Branches:
Dungeon (4/15)
 Temple: D:4-7

Altars:
Fedhas


Innate Abilities, Weirdness & Mutations

You are resistant to torment.
Your stone body is resilient. (AC +4)
You are immune to poison.
You resist negative energy. (rN+)
You are resistant to electric shocks. (rElec)
You can survive without breathing.
You are immune to petrification.
You are immune to rotting.


Message History

There is a stone staircase leading up here.
You hit the ogre but do no damage. The ogre hits you with a giant club!
You completely miss the ogre. You block the ogre's attack.
You barely miss the ogre. You sock the ogre!
The ogre is heavily wounded.
The ogre hits you with a giant club!
You hit the ogre.
The ogre is severely wounded.
The ogre hits you with a giant club!
* * * LOW HITPOINT WARNING * * *
You are too injured to fight recklessly!
You are too injured to fight recklessly!
You are too injured to fight recklessly!
There is a stone staircase leading up here.
You block the ogre's attack.
You climb upwards.
There is a stone staircase leading down here.
The ogre hits you with a giant club!
You die...

###### ###### ###....###
#....# ###........#
#....# ####.....####.#
#....####.......#####.#
#...........####......#
#........>######O.....#
##....##...#....@....(##
......##..##.####...(.#
.........###..# ##.(###
.#....(#......###...##
..#.##.#.###...#.....##
.........# #.#........#
#....#...# #.##.......#
.......### #.##.......#
#.....## #.##....).##


You could see an ogre.

Vanquished Creatures
  Sigmund (D:3)
  Purgy (D:3)
  The ghost of Turgon the Insei, a weakling DsSk (D:3)
  Terence (D:1)
  Ijyb (D:3)
  Robin (D:2)
  6 adders
  A shadow imp (D:3)
  An ooze (D:3)
  2 worms
  A dart slug (D:1)
  3 leopard geckos (D:2)
  An orc (D:3)
  7 giant cockroaches
  14 goblins
  7 hobgoblins
  2 jackals (D:2)
  5 bats
  4 frilled lizards
  6 kobolds
  9 rats
75 creatures vanquished.

Notes
Turn   | Place    | Note
-------+----------+-------------------------------------------
     0 | D:1      | Zhenya24pyc the Gargoyle Fighter began the quest for the Orb.
     0 | D:1      | Reached XP level 1. HP: 14/14 MP: 1/1
   111 | D:1      | Reached XP level 2. HP: 19/19 MP: 2/2
   307 | D:1      | Reached skill level 3 in Maces & Flails
   686 | D:2      | Noticed Terence
   708 | D:2      | Reached XP level 3. HP: 8/23 MP: 3/3
   729 | D:1      | Killed Terence
   975 | D:2      | Found a faded altar of an unknown god.
   982 | D:2      | Reached skill level 4 in Maces & Flails
   982 | D:2      | Reached XP level 4. HP: 18/28 MP: 4/4
  1586 | D:2      | Noticed Robin
  1597 | D:2      | Reached XP level 5. HP: 27/32 MP: 5/5
  1621 | D:2      | Killed Robin
  1621 | D:2      | Reached skill level 5 in Maces & Flails
  1628 | D:2      | HP: 1/32 [goblin[Robin] (3)]
  2063 | D:3      | Noticed Turgon's ghost (weakling DsSk)
  2063 | D:3      | Noticed Ijyb
  2091 | D:3      | Killed Ijyb
  2101 | D:3      | Killed Turgon's ghost
  2168 | D:3      | Reached XP level 6. HP: 35/37 MP: 6/6
  2236 | D:3      | Reached skill level 6 in Maces & Flails
  2277 | D:3      | Noticed Sigmund
  2321 | D:3      | Killed Sigmund
  2353 | D:3      | Noticed Purgy
  2371 | D:3      | Killed Purgy
  2371 | D:3      | Reached skill level 7 in Maces & Flails
  2371 | D:3      | Reached XP level 7. HP: 32/41 MP: 7/7
  2427 | D:3      | Found a blossoming altar of Fedhas.
  2529 | D:3      | Mangled by an ogre

Skill      XL: |  1  2  3  4  5  6 |
---------------+-------------------+-----
Maces & Flails | 3 4 5 7 |  7.5
Fighting       | |  3.3
Armour         | |  3.3
Shields        | |  3.4

Action                   |  1- 3 |  4- 6 |  7- 9 || total
-------------------------+-------+-------+-------++-------
Melee: Flail             |   106 |   214 |    14 ||   334
  Eat: Chunk             |       |     5 |     1 ||     6
Armor: Scale mail        |    63 |   202 |     4 ||   269
Dodge: Dodged            |    41 |   105 |     2 ||   148
Block: Shield            |    70 |   177 |     4 ||   251
